[Event "*** SCC Grand Prix: Titled Tuesday Blitz"]
[Site "Chess.com"]
[Date "2020.07.14"]
[Round "7"]
[White "Tash_Boy"]
[Black "White_Ghost"]
[Result "1-0"]
[WhiteElo "2670"]
[BlackElo "2493"]
[TimeControl "180+1"]
[EndTime "11:17:24 PDT"]
[Termination "Tash_Boy won by resignation"]

1. e4 e5 2. Nf3 Nc6 3. Bc4 Nf6 4. d3 Be7 5. O-O O-O 6. Re1 d6 7. a4 Kh8 8. c3 Ng8 9. h3 f5 10. exf5 Bxf5 11. Nbd2 Nf6 12. Nf1 Qd7 13. Ng3 Bg6 14. Nh4 Bf7 15. Bxf7 Rxf7 16. Nhf5 Raf8 17. d4 exd4 18.
Nxd4 Nd5 19. Ne6 Nf6 20. Nxf8 Rxf8 21. Bg5 d5 22. Qd3 Bd6 23. Bxf6 Rxf6 24. Qxd5 Rxf2 25. Kxf2 Bxg3+ 26. Kxg3 Qxd5 27. Re8+ Qg8 28. Rxg8+ Kxg8 29. Rd1 Ne5 30. Rd5 Nc4 31. Rd8+ Kf7 32. Rd7+ Kf6 33. Rxc7 b6 34. Rxc4 1-0

[Event "*** SCC Grand Prix: Titled Tuesday Blitz"]
[Site "Chess.com"]
[Date "2020.07.14"]
[Round "7"]
[White "ChainsOfFantasia"]
[Black "Josip_buje"]
[Result "1-0"]
[WhiteElo "2469"]
[BlackElo "2292"]
[TimeControl "180+1"]
[EndTime "11:17:24 PDT"]
[Termination "ChainsOfFantasia won by resignation"]

1. c4 c6 2. d4 d5 3. cxd5 cxd5 4. Bg5 Nc6 5. Nc3 h6 6. Bf4 e6 7. Nf3 Bd6 8. Bxd6 Qxd6 9. e3 Nf6 10. Bd3 O-O 11. O-O a6 12. Rc1 b5 13. h3 Bb7 14.
Nb1 Nb4 15. a3 Nxd3 16. Qxd3 Ne4 17. Nbd2 Rac8 18. Ne5 f6 19. Ng6 Rfe8 20. Nf4 e5 21. dxe5 fxe5 22. Nxe4 Qd7 23. Ne2 Qf5 24. Nc5 e4 25.
Qd4 Ba8 26. Nxa6 1-0

[Event "*** SCC Grand Prix: Titled Tuesday Blitz"]
[Site "Chess.com"]
[Date "2020.07.14"]
[Round "7"]
[White "Tsyhanchuk_Stanislav"]
[Black "cottage_cheese"]
[Result "1-0"]
[WhiteElo "2421"]
[BlackElo "2151"]
[TimeControl "180+1"]
[EndTime "11:17:28 PDT"]
[Termination "Tsyhanchuk_Stanislav won by resignation"]

1. d4 Nf6 2. c4 g6 3. Nf3 Bg7 4. g3 c6 5. Bg2 d5 6. O-O O-O 7.
b3 b6 8. Bb2 Bb7 9. e3 e6 10.
Nbd2 Nbd7 11. Qc2 Rc8 12. Ne5 Nxe5 13. dxe5 Nd7 14. f4 Qc7 15. Rac1 Qb8 16. Nf3 Qa8 17. Rfd1 Rfd8 18. g4 c5 19. Qf2 a6 20. f5 Re8 21. f6 Bf8 22. h4 b5 23. h5 dxc4 24. hxg6 hxg6 25. Ng5 Bh6 26. Rxd7 Bxg2 27. Nxf7 Bxe3 28.
Qxe3 Bh1 29. Qh3 1-0

[Event "*** SCC Grand Prix: Titled Tuesday Blitz"]
[Site "Chess.com"]
[Date "2020.07.14"]
[Round "7"]
[White "Brave_spirit12"]
[Black "GMKrikor"]
[Result "0-1"]
[WhiteElo "2496"]
[BlackElo "2682"]
[TimeControl "180+1"]
[EndTime "11:17:30 PDT"]
[Termination "GMKrikor won by resignation"]

1. e4 g6 2. d4 Bg7 3. Nc3 d6 4.
Bf4 a6 5. Qd2 b5 6. a3 Bb7 7. Bd3 Nd7 8. Nf3 c5 9. d5 Ngf6 10. h4 h6 11. Rg1 Ng4 12. h5 g5 13.
Bxg5 hxg5 14. Qxg5 Bxc3+ 15. bxc3 Ndf6 16. Rh1 Qa5 17. Kd2 c4 18. e5 Nxd5 19. Qxg4 Qxc3+ 20. Ke2 cxd3+ 21. cxd3 Qb2+ 22. Nd2 Qxe5+ 23. Ne4 Nf6 0-1

[Event "*** SCC Grand Prix: Titled Tuesday Blitz"]
[Site "Chess.com"]
[Date "2020.07.14"]
[Round "7"]
[White "czasnaszachy"]
[Black "sertalzin"]
[Result "1-0"]
[WhiteElo "2191"]
[BlackElo "1937"]
[TimeControl "180+1"]
[EndTime "11:17:31 PDT"]
[Termination "czasnaszachy won by resignation"]

1. d4 d5 2. c4 c6 3. cxd5 cxd5 4.
Nc3 Nf6 5. Bf4 Nc6 6. e3 a6 7. Bd3 g6 8. Nge2 Bg7 9. O-O O-O 10. Rc1 Bf5 11. Bxf5 gxf5 12. Na4 e6 13. Nc5 Qe7 14. Qa4 Rfc8 15. Rc2 b5 16. Qa3 Ne4 17. Rfc1 a5 18. Nxe4 b4 19. Qa4 fxe4 20. Rxc6 1-0

[Event "*** SCC Grand Prix: Titled Tuesday Blitz"]
[Site "Chess.com"]
[Date "2020.07.14"]
[Round "7"]
[White "Oneofmyturns"]
[Black "binbin239"]
[Result "1-0"]
[WhiteElo "2707"]
[BlackElo "2533"]
[TimeControl "180+1"]
[EndTime "11:17:32 PDT"]
[Termination "Oneofmyturns won by checkmate"]

1. d4 Nf6 2. c4 g6 3. Nc3 d5 4. cxd5 Nxd5 5. e4 Nxc3 6. bxc3 Bg7 7. Be3 c5 8. Rc1 O-O 9. Qd2 Nc6 10. Nf3 Qa5 11. d5 Rd8 12. h4 e6 13. Bg5 Rd7 14. Be2 exd5 15. exd5 c4 16. Bxc4 Ne7 17. O-O Nxd5 18. Rfe1 Nf6 19. Qf4 Qc7 20. Ne5 Nh5 21.
Nxd7 Nxf4 22. Re8+ Bf8 23. Rxf8+ Kg7 24. Rxf7+ Kh8 25.
Bf6+ Kg8 26. Rf8# 1-0

[Event "*** SCC Grand Prix: Titled Tuesday Blitz"]
[Site "Chess.com"]
[Date "2020.07.14"]
[Round "7"]
[White "Boudicca64"]
[Black "AungTZ"]
[Result "0-1"]
[WhiteElo "1795"]
[BlackElo "2110"]
[TimeControl "180+1"]
[EndTime "11:17:34 PDT"]
[Termination "AungTZ won by resignation"]

1. e4 c5 2. g3 Nc6 3. Bg2 Nf6 4.
Ne2 d5 5. exd5 Nxd5 6. h3 e6 7. O-O Be7 8. d4 O-O 9. c4 Nf6 10. d5 exd5 11. cxd5 Nb4 12. Nbc3 Bf5 13. a3 Nc2 14.
Ra2 Qb6 15. g4 Bg6 16. f4 c4+ 17. Kh1 Bd3 18. f5 Bd6 19. Rf3 Rfe8 0-1

[Event "*** SCC Grand Prix: Titled Tuesday Blitz"]
[Site "Chess.com"]
[Date "2020.07.14"]
[Round "7"]
[White "Shuvalov"]
[Black "sea-needle"]
[Result "1-0"]
[WhiteElo "2492"]
[BlackElo "2329"]
[TimeControl "180+1"]
[EndTime "11:17:37 PDT"]
[Termination "Shuvalov won by resignation"]

1. Nf3 d5 2. c4 c6 3. g3 Nf6 4. Bg2 dxc4 5. O-O e6 6. Qc2 b5 7. Ne5 Qd6 8. d4 cxd3 9. Nxd3 Bb7 10. Bf4 Qe7 11. a4 Nd5 12. Bd2 Nb6 13. Bb4 Qg5 14. Bxf8 Kxf8 15. Nc5 Bc8 16. axb5 Nd5 17. e4 Ne7 18. b6 1-0

[Event "*** SCC Grand Prix: Titled Tuesday Blitz"]
[Site "Chess.com"]
[Date "2020.07.14"]
[Round "7"]
[White "Legendinunknown"]
[Black "Konavets"]
[Result "0-1"]
[WhiteElo "2600"]
[BlackElo "3045"]
[TimeControl "180+1"]
[EndTime "11:17:44 PDT"]
[Termination "Konavets won by resignation"]

1. d4 Nf6 2. c4 e5 3. dxe5 Ng4 4. Bf4 Nc6 5. Nf3 Bb4+ 6. Nc3 Qe7 7. Qd5 Bxc3+ 8. bxc3 f6 9. exf6 Nxf6 10. Qd3 d6 11. g3 O-O 12. Bg2 Bd7 13. O-O Rae8 14. Rae1 Kh8 15.
c5 dxc5 16. Bxc7 Ne4 17. Nd2 Bf5 18. Bxe4 Bxe4 19. Bd6 Bxd3 20. Bxe7 Rxe7 21. exd3 Rd7 22. Re3 h6 23. Nb3 b6 24. Rd1 Rfd8 25. Kf1 c4 26. Nc1 b5 27. Ke2 Ne7 28. Re5 Nd5 29. Kd2 cxd3 30.
Rde1 Nb6 31. Re8+ Kh7 32. Rxd8 Nc4+ 33. Kd1 Rxd8 34. Re7 d2 35. Rxa7 Nb2+ 0-1

[Event "*** SCC Grand Prix: Titled Tuesday Blitz"]
[Site "Chess.com"]
[Date "2020.07.14"]
[Round "7"]
[White "WeAintSurePal"]
[Black "Schandenfreude"]
[Result "0-1"]
[WhiteElo "2276"]
[BlackElo "2455"]
[TimeControl "180+1"]
[EndTime "11:17:46 PDT"]
[Termination "Schandenfreude won by resignation"]

1. d4 d5 2. Bf4 Nf6 3. e3 c5 4.
Nc3 cxd4 5. exd4 a6 6. Nf3 Nc6 7. Be2 Bg4 8. h3 Bxf3 9. Bxf3 e6 10. Be3 Rc8 11. O-O Bd6 12. Ne2 O-O 13. Bg5 h6 14.
Bh4 b5 15. a3 Na5 16. c3 Nc4 17. Rb1 Re8 18. Qd3 Be7 19. Rfe1 Nd6 20. Bxf6 Bxf6 21. Ng3 g6 22. a4 Qb6 23. axb5 axb5 24. Qe3 Kg7 25. Ne2 b4 26. Nf4 Qc7 27. Rec1 Nc4 0-1

[Event "*** SCC Grand Prix: Titled Tuesday Blitz"]
[Site "Chess.com"]
[Date "2020.07.14"]
[Round "7"]
[White "Djager97"]
[Black "Shubinkirill2003"]
[Result "0-1"]
[WhiteElo "2456"]
[BlackElo "2650"]
[TimeControl "180+1"]
[EndTime "11:17:48 PDT"]
[Termination "Shubinkirill2003 won by checkmate"]

1. e4 e6 2. d4 d5 3. Nc3 Bb4 4. e5 b6 5. Bd2 Ne7 6. Nf3 Ba6 7. Bxa6 Nxa6 8. Ne2 Bxd2+ 9. Qxd2 c5 10.
c3 Qd7 11. h4 h6 12. h5 Nb8 13.
g4 Nbc6 14. O-O-O O-O-O 15. Kb1 Kb8 16. Nh4 cxd4 17. cxd4 Rc8 18. f4 Na5 19. b3 Qb5 20. Nc3 Qb4 21. Ne4 Qxd2 22. Nxd2 Nec6 23. Nhf3 Nb4 24. f5 Nd3 25. Rdf1 Rc3 26. fxe6 fxe6 27. g5 Rhc8 28. gxh6 gxh6 29. Ne1 Rc1# 0-1

[Event "*** SCC Grand Prix: Titled Tuesday Blitz"]
[Site "Chess.com"]
[Date "2020.07.14"]
[Round "7"]
[White "diamonds13"]
[Black "ikhasu"]
[Result "0-1"]
[WhiteElo "2233"]
[BlackElo "2412"]
[TimeControl "180+1"]
[EndTime "11:17:53 PDT"]
[Termination "ikhasu won by resignation"]

1. d4 Nf6 2. c4 c5 3. d5 b5 4. cxb5 a6 5. bxa6 g6 6. Nc3 Bxa6 7. e4 d6 8. Nf3 Bxf1 9. Kxf1 Bg7 10. g3 O-O 11.
Kg2 Qb6 12. h3 Na6 13. Qe2 Nd7 14. Bg5 Rfe8 15. Rhd1 Rab8 16. Na4 Qa5 17. b3 Bxa1 18. Rxa1 Qb5 19. Qd2 Nb4 20. Bh6 Qd3 21. Qf4 Nf6 22.
Ng5 Qd4 23. Re1 Nd3 24. Qe3 Nxe1+ 25. Qxe1 c4 26. Nf3 Qxe4 27. Qa1 cxb3 28. g4 bxa2 29. Nc3 Qb1 30. Nxb1 axb1=Q 31. Qd4 Qe4 32. Qa1 Rb3 0-1

[Event "*** SCC Grand Prix: Titled Tuesday Blitz"]
[Site "Chess.com"]
[Date "2020.07.14"]
[Round "7"]
[White "Azoulas1"]
[Black "AlexSuv"]
[Result "1/2-1/2"]
[WhiteElo "2046"]
[BlackElo "2520"]
[TimeControl "180+1"]
[EndTime "11:17:54 PDT"]
[Termination "Game drawn by repetition"]

1. e4 c5 2. Nf3 e6 3. d4 cxd4 4.
Nxd4 Nc6 5. Nc3 Qc7 6. Be2 a6 7.
O-O Nf6 8. Be3 Bb4 9. Na4 Be7 10. Bf3 Ne5 11. b3 b5 12. Nb2 Bb7 13. Bf4 d6 14.
Re1 Nxf3+ 15. Qxf3 e5 16. Nf5 exf4 17. Nxg7+ Kf8 18.
Nf5 Qxc2 19. Nd3 Rc8 20. Rac1 Qd2 21. Rxc8+ Bxc8 22. Rd1 Qxa2 23. Qxf4 Qxb3 24. Re1 Bxf5 25. exf5 Qxd3 26. Qh6+ Kg8 27. Qg5+ Kf8 28. Qh6+ Kg8 29.
Qg5+ Kf8 30. Qh6+ 1/2-1/2

[Event "*** SCC Grand Prix: Titled Tuesday Blitz"]
[Site "Chess.com"]
[Date "2020.07.14"]
[Round "7"]
[White "novocane"]
[Black "1f3_2g41-0"]
[Result "0-1"]
[WhiteElo "2257"]
[BlackElo "2404"]
[TimeControl "180+1"]
[EndTime "11:17:54 PDT"]
[Termination "1f3_2g41-0 won by checkmate"]

1. d4 Nf6 2. c4 g6 3. Nc3 d5 4. cxd5 Nxd5 5. e4 Nxc3 6. bxc3 Bg7 7. Qa4+ Bd7 8. Qa3 O-O 9. Nf3 b6 10. Bg5 c5 11. Bd3 Nc6 12. d5 Nb4 13. Rd1 Nxd3+ 14. Rxd3 Bb5 15. Rd2 h6 16. Bh4 Qd7 17. Kd1 Qg4 18. Bg3 Qxe4 19. Re1 Qb1+ 20. Qc1 Qf5 21. Rxe7 Rfe8 22. d6 Bf6 23. Rxe8+ Rxe8 24. Qc2 Ba4 25. Qxa4 Qb1# 0-1

[Event "*** SCC Grand Prix: Titled Tuesday Blitz"]
[Site "Chess.com"]
[Date "2020.07.14"]
[Round "7"]
[White "vladislavkovalev"]
[Black "antoszu"]
[Result "1-0"]
[WhiteElo "2900"]
[BlackElo "2540"]
[TimeControl "180+1"]
[EndTime "11:17:57 PDT"]
[Termination "vladislavkovalev won by resignation"]

1. e4 e6 2. d4 d5 3. Bd3 dxe4 4. Bxe4 Nf6 5. Bf3 c5 6. Ne2 Nc6 7. Be3 e5 8. Bxc6+ bxc6 9. dxe5 Qxd1+ 10. Kxd1 Ng4 11.
h3 Nxe5 12. Re1 Be7 13. Nd2 O-O 14. Ne4 Bf5 15. N2g3 Bxe4 16. Nxe4 c4 17. Ke2 Rfe8 18. Rad1 Bb4 19. Bd2 c3 20. bxc3 Bf8 21. Kf1 Nc4 22. Bc1 Rad8 23. Rd4 Nb6 24. Bg5 f6 25. Bxf6 gxf6 26.
Nxf6+ Kf7 27. Nxe8 Rxe8 28. Rf4+ 1-0

[Event "*** SCC Grand Prix: Titled Tuesday Blitz"]
[Site "Chess.com"]
[Date "2020.07.14"]
[Round "7"]
[White "Parhamov"]
[Black "Jospem"]
[Result "1-0"]
[WhiteElo "3013"]
[BlackElo "2813"]
[TimeControl "180+1"]
[EndTime "11:17:58 PDT"]
[Termination "Parhamov won by resignation"]

1. d4 Nf6 2. c4 e6 3. g3 Bb4+ 4. Bd2 c5 5. Bg2 O-O 6. Bxb4 cxb4 7. Nf3 a5 8. Qd3 d6 9. Nbd2 Qe7 10. e4 e5 11. O-O b6 12. a3 Na6 13. c5 dxc5 14. dxe5 Ng4 15. Qd6 Re8 16. Nc4 Rb8 17.
Rfd1 Be6 18. Nxb6 Bb3 19. Qxe7 Rxe7 20. Rd6 Nxe5 21. Nxe5 Rxe5 22. Nd7 Rd8 23. Rxa6 1-0

[Event "*** SCC Grand Prix: Titled Tuesday Blitz"]
[Site "Chess.com"]
[Date "2020.07.14"]
[Round "7"]
[White "Ave_Mariia"]
[Black "Matols"]
[Result "1-0"]
[WhiteElo "2374"]
[BlackElo "2212"]
[TimeControl "180+1"]
[EndTime "11:17:58 PDT"]
[Termination "Ave_Mariia won by resignation"]

1. d4 Nf6 2. c4 e6 3. g3 Bb4+ 4.
Bd2 Be7 5. Bg2 d5 6. Nf3 O-O 7. O-O c6 8. Qc2 b6 9. Bf4 Bb7 10. Nbd2 Nh5 11. Be3 Nd7 12. Ne5 Rc8 13. Ndf3 Nhf6 14.
Rfd1 Ne4 15. Nxd7 Qxd7 16. Ne5 Qd8 17. f3 Nd6 18. c5 bxc5 19. dxc5 Nf5 20. Bf2 f6 21.
Nd3 e5 22. e4 Nd4 23. Bxd4 exd4 24. Nf4 Qd7 25. Bh3 f5 26. Bxf5 Rxf5 27. exf5 Qxf5 28. Qxf5 1-0

[Event "*** SCC Grand Prix: Titled Tuesday Blitz"]
[Site "Chess.com"]
[Date "2020.07.14"]
[Round "7"]
[White "AurumO"]
[Black "Terao90"]
[Result "0-1"]
[WhiteElo "1989"]
[BlackElo "2276"]
[TimeControl "180+1"]
[EndTime "11:17:58 PDT"]
[Termination "Terao90 won on time"]

1. e4 c5 2. c3 d5 3. exd5 Qxd5 4.
d4 Nc6 5. Nf3 Bg4 6. Nbd2 e6 7.
Bc4 Qd8 8. O-O cxd4 9. cxd4 Nf6 10. h3 Bh5 11. Bb5 Be7 12. Qa4 O-O 13. Bxc6 bxc6 14. Qxc6 Rc8 15. Qa4 Qb6 16. Qb3 Qa6 17. a3 Nd5 18.
Ne5 Rb8 19. Qg3 Rfc8 20. Ndf3 Bg6 21. Nxg6 hxg6 22. b4 Rc3 23. Bf4 Rbc8 24. h4 Rxa3 25. Rxa3 Qxa3 26. b5 Qb3 27. h5 gxh5 28. Bh6 g6 29.
Qe5 Bf6 30. Qd6 Qxb5 31. Ne5 Rd8 0-1

[Event "*** SCC Grand Prix: Titled Tuesday Blitz"]
[Site "Chess.com"]
[Date "2020.07.14"]
[Round "7"]
[White "vanImpe"]
[Black "bgfbfbgfbgfgf"]
[Result "0-1"]
[WhiteElo "2514"]
[BlackElo "2670"]
[TimeControl "180+1"]
[EndTime "11:18:02 PDT"]
[Termination "bgfbfbgfbgfgf won by checkmate"]

1. g3 Nf6 2. Bg2 d5 3. c4 c6 4.
Nf3 Bg4 5. Ne5 Bf5 6. cxd5 cxd5 7. Nc3 e6 8. g4 Bg6 9. h4 Bd6 10. d4 h5 11. g5 Bxe5 12. dxe5 Nfd7 13. e4 Nxe5 14. Bf4 Nbc6 15. Bxe5 Nxe5 16. Qd4 Qc7 17. f4 Ng4 18. Qxg7 Qxf4 19. Qxh8+ Ke7 20. Qd4 Qg3+ 21.
Kd1 Qxg2 22. Re1 Rc8 23. exd5 Qc2# 0-1

[Event "*** SCC Grand Prix: Titled Tuesday Blitz"]
[Site "Chess.com"]
[Date "2020.07.14"]
[Round "7"]
[White "Rodalquilar"]
[Black "lucachess49"]
[Result "1-0"]
[WhiteElo "2644"]
[BlackElo "2437"]
[TimeControl "180+1"]
[EndTime "11:18:02 PDT"]
[Termination "Rodalquilar won by resignation"]

1. d4 Nf6 2. c4 e6 3. Nc3 Bb4 4. Qc2 O-O 5. e4 d5 6. e5 Ne4 7. Bd3 c5 8. Nf3 cxd4 9. Nxd4 Nd7 10. Bf4 Ndc5 11. O-O Nxd3 12. Qxd3 Nc5 13. Qg3 Bxc3 14. Bh6 g6 15. Qxc3 Ne4 16. Qe3 Re8 17. f3 Nc5 18. Bg5 Qb6 19. b4 Nd7 20. c5 Qxb4 21. Rfc1 Qa5 22. Kh1 a6 23. Rab1 Qc7 24. c6 bxc6 25.
Nxc6 Nb6 26. Ne7+ Rxe7 27. Rxc7 1-0

[Event "*** SCC Grand Prix: Titled Tuesday Blitz"]
[Site "Chess.com"]
[Date "2020.07.14"]
[Round "7"]
[White "Biranidun"]
[Black "exoticprincess"]
[Result "1/2-1/2"]
[WhiteElo "2879"]
[BlackElo "2825"]
[TimeControl "180+1"]
[EndTime "11:18:03 PDT"]
[Termination "Game drawn by repetition"]

1. e4 c6 2. d4 d5 3. e5 Bf5 4. Nf3 e6 5. Be2 Ne7 6. O-O h6 7. c3 Nd7 8. Nbd2 Bh7 9. Nb3 Ng6 10. Be3 Be7 11. Ne1 O-O 12. f4 a5 13. a4 Qb6 14.
Nd3 Nh4 15. Bf2 Be4 16. Bxh4 Bxh4 17. Ndc5 Nxc5 18. Nxc5 Qxb2 19. Nxe4 dxe4 20. Rb1 Qa3 21. Qc2 Rab8 22. Ra1 Qe7 23. Qxe4 Qd8 24. f5 exf5 25.
Rxf5 g6 26. Rf3 Kg7 27. Raf1 b5 28. Bd3 Kg8 29. Rxf7 Rxf7 30. Qxg6+ Rg7 31. Qe6+ Kh8 32. Qxh6+ Kg8 33. Qe6+ Kh8 34. Qh6+ Kg8 35. Qe6+ Kh8 36. Qh6+ 1/2-1/2

[Event "*** SCC Grand Prix: Titled Tuesday Blitz"]
[Site "Chess.com"]
[Date "2020.07.14"]
[Round "7"]
[White "bratkoo"]
[Black "Undisputed92"]
[Result "1/2-1/2"]
[WhiteElo "2470"]
[BlackElo "2622"]
[TimeControl "180+1"]
[EndTime "11:18:04 PDT"]
[Termination "Game drawn by repetition"]

1. e4 e5 2. Nf3 Nc6 3. Bc4 Nf6 4. d3 Bc5 5. O-O O-O 6. c3 a6 7. Re1 Ba7 8. Bb3 d6 9. Nbd2 Re8 10. Nf1 h6 11.
Ng3 Be6 12. Bc2 d5 13. Qe2 b5 14. h3 d4 15. Nh4 dxc3 16. bxc3 b4 17. Ba4 Bd7 18. Bxc6 Bxc6 19. cxb4 Qd4 20. Be3 Qxb4 21. Rec1 Qd6 22. Nhf5 Qd7 23. Qf3 Bxe3 24. Qxe3 Bb5 25. a4 Bxa4 26. Nxh6+ gxh6 27. Qxh6 Re6 28. Nf5 Ne8 29.
Qg5+ Kf8 30. Qh4 Kg8 31. Qg3+ Kf8 32. Qh4 Kg8 33. Qg3+ Kf8 34. Qh4 1/2-1/2

[Event "*** SCC Grand Prix: Titled Tuesday Blitz"]
[Site "Chess.com"]
[Date "2020.07.14"]
[Round "7"]
[White "random_mango"]
[Black "Shivagami"]
[Result "1-0"]
[WhiteElo "2359"]
[BlackElo "2209"]
[TimeControl "180+1"]
[EndTime "11:18:10 PDT"]
[Termination "random_mango won by resignation"]

1. e4 c5 2. Nf3 d6 3. d4 cxd4 4. Qxd4 Nc6 5. Bb5 Bd7 6. Qd3 Rc8 7. c4 g6 8. Nc3 Bg7 9. O-O Nf6 10. h3 O-O 11. Be3 a6 12. Bxc6 Bxc6 13. Nd4 Qc7 14.
Rac1 b6 15. Nd5 Bxd5 16. cxd5 Qb7 17. Nc6 Rfe8 18. Bd4 Nd7 19. Bxg7 Kxg7 20. f4 Nc5 21. Qd4+ Kg8 22. b4 Na4 23. f5 b5 24. h4 e5 25.
dxe6 fxe6 26. fxg6 hxg6 27. Qf6 Rc7 1-0

[Event "*** SCC Grand Prix: Titled Tuesday Blitz"]
[Site "Chess.com"]
[Date "2020.07.14"]
[Round "7"]
[White "mishanick"]
[Black "NikolaGry"]
[Result "1-0"]
[WhiteElo "2840"]
[BlackElo "2649"]
[TimeControl "180+1"]
[EndTime "11:18:17 PDT"]
[Termination "mishanick won by resignation"]

1. e4 e5 2. Nf3 d6 3. Nc3 Nf6 4. d4 exd4 5. Nxd4 g6 6. Bc4 Bg7 7.
Bb3 O-O 8. O-O Nc6 9. Re1 Nxd4 10. Qxd4 Ng4 11. Qd2 Kh8 12. h3 Ne5 13. f4 Nc6 14. Nd5 f5 15. c3 fxe4 16. Rxe4 Bf5 17. Re1 Na5 18. Qd1 c6 19. Ne3 d5 20. Nxf5 Rxf5 21. Bc2 Rf7 22. f5 gxf5 23. Qh5 Qf8 24. Rf1 Nc4 25.
Rxf5 Rxf5 26. Bxf5 Qg8 27. Bf4 Rf8 28. Re1 Bf6 29.
Bh6 Bg7 30. Be6 1-0

[Event "*** SCC Grand Prix: Titled Tuesday Blitz"]
[Site "Chess.com"]
[Date "2020.07.14"]
[Round "7"]
[White "Benjoneliere44"]
[Black "GGfrances"]
[Result "0-1"]
[WhiteElo "2601"]
[BlackElo "2404"]
[TimeControl "180+1"]
[EndTime "11:18:19 PDT"]
[Termination "GGfrances won by resignation"]

1. d4 Nf6 2. Bf4 g6 3. Nc3 d5 4. Nb5 Na6 5. e3 Bg7 6. Nf3 O-O 7. Be2 c6 8. Nc3 Nh5 9. Be5 f6 10. Bg3 Nxg3 11. hxg3 e5 12. e4 dxe4 13. Nxe4 Nc7 14. dxe5 fxe5 15. Qxd8 Rxd8 16. Nfg5 h6 17. Nf3 b5 18. O-O a5 19. a4 Bf5 20. Nfd2 h5 21.
axb5 cxb5 22. c4 Bh6 23. Rfd1 Bxd2 24. Nxd2 Bc2 25. cxb5 Bxd1 26. Rxd1 Rab8 27. Kf1 Nxb5 28. Ke1 Kg7 29. Ra1 Nd4 30. Rxa5 Rxb2 31. Ra7+ Kh6 32.
Bd1 Rxd2 0-1

[Event "*** SCC Grand Prix: Titled Tuesday Blitz"]
[Site "Chess.com"]
[Date "2020.07.14"]
[Round "7"]
[White "sorito"]
[Black "Chessdreamer2020"]
[Result "1-0"]
[WhiteElo "2456"]
[BlackElo "2570"]
[TimeControl "180+1"]
[EndTime "11:18:21 PDT"]
[Termination "sorito won by resignation"]

1. Nf3 c5 2. g3 Nc6 3. Bg2 g6 4. O-O Bg7 5. c3 e5 6. e4 Nge7 7. Re1 O-O 8. d3 d5 9. Nbd2 h6 10. exd5 Nxd5 11. Nc4 Re8 12. Qb3 Nb6 13. Be3 Be6 14.
Nfd2 Qxd3 15. Be4 Qd8 16. Qb5 Nxc4 17. Nxc4 Rc8 18. Rad1 Qc7 19. Nd6 a6 20. Nxe8 Rxe8 21. Qxc5 Bf8 22. Qb6 Qc8 23. Bc5 Bg7 24. Rd6 Bxa2 25.
Bxc6 bxc6 26. Qxc6 Qg4 27. Qxe8+ 1-0

[Event "*** SCC Grand Prix: Titled Tuesday Blitz"]
[Site "Chess.com"]
[Date "2020.07.14"]
[Round "7"]
[White "korkmaz16"]
[Black "LilRag"]
[Result "0-1"]
[WhiteElo "2321"]
[BlackElo "2502"]
[TimeControl "180+1"]
[EndTime "11:18:21 PDT"]
[Termination "LilRag won by resignation"]

1. d4 Nf6 2. Nf3 e6 3. e3 d5 4. Bd3 c5 5. b3 Nc6 6. O-O Bd6 7. Bb2 cxd4 8. exd4 Qc7 9. a3 O-O 10. Qe2 b6 11. Nbd2 Bb7 12. Rac1 Rac8 13. Rfe1 Bf4 14. g3 Bh6 15. c4 dxc4 16. bxc4 Na5 17. d5 exd5 18.
Bxf6 gxf6 19. Bb1 dxc4 20. Nxc4 Qd7 21. Qc2 f5 22. Nfe5 Qe6 23. Rcd1 Nxc4 24. Nxc4 Qc6 25. Kf1 Qg2+ 26. Ke2 Bf3+ 0-1

[Event "*** SCC Grand Prix: Titled Tuesday Blitz"]
[Site "Chess.com"]
[Date "2020.07.14"]
[Round "7"]
[White "KetiGrant"]
[Black "Meri-Arabidze"]
[Result "0-1"]
[WhiteElo "2391"]
[BlackElo "2555"]
[TimeControl "180+1"]
[EndTime "11:18:22 PDT"]
[Termination "Meri-Arabidze won by resignation"]

1. e4 c5 2. Nf3 e6 3. d4 cxd4 4. Nxd4 Nc6 5. Nc3 a6 6. Be3 Qc7 7. Qd2 Nf6 8. f3 Be7 9. g4 O-O 10. O-O-O b5 11. g5 Nh5 12. Rg1 Bb7 13. Bh3 g6 14.
Bg4 Ne5 15. Bxh5 gxh5 16. Bf4 d6 17. Kb1 b4 18. Nce2 a5 19. Ng3 Ng6 20. Nxh5 e5 21. Nf5 exf4 22. Nxf4 Rfc8 23. Nd5 Bxd5 24. exd5 Bf8 25.
Rde1 a4 26. Re2 b3 27. c3 bxa2+ 28. Ka1 a3 29. h4 axb2+ 30. Qxb2 Rcb8 31. Qc2 Qb6 32. h5 Qxg1+ 0-1

[Event "*** SCC Grand Prix: Titled Tuesday Blitz"]
[Site "Chess.com"]
[Date "2020.07.14"]
[Round "7"]
[White "floplover"]
[Black "Jbd735"]
[Result "0-1"]
[WhiteElo "2262"]
[BlackElo "2455"]
[TimeControl "180+1"]
[EndTime "11:18:22 PDT"]
[Termination "Jbd735 won by resignation"]

1. d4 d5 2. c4 e6 3. Nc3 c6 4. e4 dxe4 5. Nxe4 Bb4+ 6. Bd2 Qxd4 7. Bxb4 Qxe4+ 8. Be2 Na6 9. Bd6 Ne7 10. Nf3 Nf5 11.
O-O Bd7 12. Bd3 Qg4 13. Ne5 Qxd1 14. Raxd1 Nxd6 15. Be2 f6 16. Rxd6 fxe5 17. Rfd1 O-O-O 18. Bg4 Rhe8 19. a3 Nc5 20. b4 Ne4 21. R6d3 Nf6 22.
Bh3 e4 23. Rd6 e5 24. Bxd7+ Rxd7 25. Rxd7 Nxd7 26. Re1 Nf6 0-1

[Event "*** SCC Grand Prix: Titled Tuesday Blitz"]
[Site "Chess.com"]
[Date "2020.07.14"]
[Round "7"]
[White "jacky72"]
[Black "SilviusTiberius"]
[Result "1-0"]
[WhiteElo "2649"]
[BlackElo "2481"]
[TimeControl "180+1"]
[EndTime "11:18:24 PDT"]
[Termination "jacky72 won by resignation"]

1. e4 c5 2. Nc3 Nc6 3. g3 g6 4. Bg2 Bg7 5. d3 d6 6. f4 Rb8 7.
a4 a6 8. Nh3 b5 9. axb5 axb5 10. O-O h5 11. Be3 h4 12. Ng5 hxg3 13. hxg3 Nf6 14.
e5 Ng4 15. Bxc6+ Kf8 16. Qf3 b4 17. Ne2 Bf5 18. Ra7 Nh2 19. Qd5 e6 20. Qxd6+ Qxd6 21. Rxf7+ Kg8 22. exd6 Nxf1 23. Kxf1 b3 24. cxb3 Bxd3 25.
Bxc5 Rh2 26. Bf3 Bh6 27. Rf6 Rxb3 28. d7 Rb8 29. Rxe6 Bb5 30. Rxg6+ Bg7 31. Bd5+ Kh8 32. Rb6 Bxe2+ 33. Kg1 1-0

[Event "*** SCC Grand Prix: Titled Tuesday Blitz"]
[Site "Chess.com"]
[Date "2020.07.14"]
[Round "7"]
[White "TurboSteen"]
[Black "WinstonSilvakov"]
[Result "1-0"]
[WhiteElo "1954"]
[BlackElo "2102"]
[TimeControl "180+1"]
[EndTime "11:18:25 PDT"]
[Termination "TurboSteen won by resignation"]

1. e4 Nf6 2. e5 Nd5 3. d4 d6 4. Nf3 Nb6 5. Bd3 g6 6. Bf4 Bg7 7. Nc3 O-O 8. Qd2 Bg4 9. Qe3 Bxf3 10. gxf3 Nc6 11. O-O-O dxe5 12. dxe5 Qd4 13. Qxd4 Nxd4 14.
Be4 Ne6 15. Bg3 c6 16. h4 Bh6+ 17. Kb1 Bg7 18. h5 Rfd8 19. f4 Nc4 20. hxg6 hxg6 21. f5 gxf5 22. Bxf5 Rxd1+ 23. Rxd1 Bxe5 24. Bxe5 Nxe5 25. Bxe6 fxe6 26. Re1 Ng6 27. Rxe6 Kf7 28. Re3 Rh8 29. b3 Rh2 30. Rf3+ Ke6 31. Ne4 Ne5 32. Re3 Rh1+ 33. Kb2 b6 34. Ng3 Kd6 35. Nxh1 1-0

[Event "*** SCC Grand Prix: Titled Tuesday Blitz"]
[Site "Chess.com"]
[Date "2020.07.14"]
[Round "7"]
[White "shnitez"]
[Black "AJSC02"]
[Result "1-0"]
[WhiteElo "2524"]
[BlackElo "2103"]
[TimeControl "180+1"]
[EndTime "11:18:27 PDT"]
[Termination "shnitez won on time"]

1. d4 Nf6 2. c4 g6 3. Nc3 Bg7 4. e4 d6 5. Nf3 O-O 6. Be2 e5 7. O-O Nc6 8. d5 Ne7 9. Bg5 h6 10. Bxf6 Bxf6 11. b4 a5 12. a3 Bg7 13. c5 f5 14. Nd2 g5 15. Nc4 axb4 16. axb4 Rxa1 17. Qxa1 fxe4 18. cxd6 cxd6 19. Qa5 Qxa5 20. bxa5 Bf5 21. Nxd6 Rd8 22. Nxb7 Rc8 23. d6 Rxc3 24. dxe7 Bd7 25.
Nd6 Bf6 26. Nxe4 Rc6 27. Bb5 1-0